 Dungeon Sprint DCSS version 0.20.1-1-g8b1a95d (webtiles) character file.

1416 sanboga the Fighter (level 8, -4/75 HPs)
             Began as a Vine Stalker Monk on Dec 12, 2017.
             Was a High Priest of Makhleb.
             Slain by a mummy priest (6 damage)
             ... in the Dungeon (Sprint V: "Ziggurat Sprint").
             The game lasted 00:06:10 (274 turns).

sanboga the Fighter (Vine Stalker Monk)              Turns: 274, Time: 00:06:11

Health: -4/75      AC: 26    Str: 21    XL:     8   Next: 71%
Magic:  0/13       EV:  4    Int: 10    God:    Makhleb [*****.]
Gold:   0          SH: 30    Dex: 29    Spells: 7/7 levels left

rFire    . . .     SeeInvis +   G - +14 obsidian axe {chop, +Fly SInv *Curse} (curse)
rCold    . . .     Gourm    .   I - +18 shield of the Gong {rElec rN+ MR+ EV-5}
rNeg     + . .     Faith    .   H - +15 Maxwell's patent armour {-Cast -Tele rElec MR+ rCorr}
rPois    .         Spirit   +   (no helmet)
rElec    +         Reflect  .   (no cloak)
rCorr    +         Harm     .   k - +0 pair of gloves of Polytheism {Regen+} (curse)
MR       +++..     NoTele   +   (no boots) Stlth ..........NoCast +
                                (no amulet)
Regen    1.1/turn               w - +6 ring of dexterity
MPRegen  0.2/turn               x - +6 ring of dexterity

@: berserking, mesmerised, very quick
A: fangs 3, regeneration 1, magic shield, antimagic bite, no potion heal 3, rot
immunity
a: Minor Destruction, Lesser Servant of Makhleb, Major Destruction, Greater
Servant of Makhleb, Renounce Religion, Evoke Flight


You were in the Dungeon.
You worshipped Makhleb.
Makhleb was extremely pleased with you.
You were hungry.

You visited 1 branch

Inventory:

Hand Weapons
 y - a +3 antimagic spear (quivered)
 G - the cursed +14 obsidian axe (weapon) {chop, +Fly SInv *Curse}
   (You found it in the Dungeon)

   It inflicts extra damage upon your enemies.
   It lets you see invisible.
   It lets you fly.
   It curses itself when equipped.
   It has a curse placed upon it.
Armour
 k - the cursed +0 pair of gloves of Polytheism (worn) {Regen+}
   (You found it in the Dungeon)

   It increases your rate of regeneration.
   It has a curse placed upon it.
 H - the +15 Maxwell's patent armour (worn) {-Cast -Tele rElec MR+ rCorr}
   (You found it in the Dungeon)

   It insulates you from electricity.
   It affects your resistance to hostile enchantments.
   It prevents spellcasting.
   It prevents most forms of teleportation.
   It protects you from acid and corrosion.
 I - the +18 shield of the Gong (worn) {rElec rN+ MR+ EV-5}
   (You found it in the Dungeon)

   It affects your evasion (-5).
   It insulates you from electricity.
   It protects you from negative energy.
   It affects your resistance to hostile enchantments.
Jewellery
 w - a +6 ring of dexterity (left hand)
 x - a +6 ring of dexterity (right hand)
Wands
 C - a wand of disintegration (7/24)
 D - a wand of iceblast (5/15)
 E - a wand of lightning (5/15)
 F - a wand of acid (5/15)
Scrolls
 h - 4 scrolls of blinking
 n - 4 scrolls of amnesia
 o - 3 scrolls of recharging
 p - 7 scrolls of fog
 q - a scroll of holy word
 r - 5 scrolls of identify
 s - 5 scrolls of remove curse
 t - 2 scrolls of fear
Potions
 a - 2 potions of brilliance
 c - 10 potions of curing
 e - 6 potions of haste
 f - 7 potions of magic
 g - 2 potions of berserk rage
 i - 2 potions of invisibility
 j - 4 potions of resistance
 l - 5 potions of agility
 m - 5 potions of might
Miscellaneous
 d - a sack of spiders
Comestibles
 b - 5 bread rations
 u - 42 fruits
 v - 4 meat rations


   Skills:
 + Level 10.1 Fighting
 - Level 5.8 Axes
 - Level 0.8 Armour
 - Level 7.4 Dodging
 - Level 4.3 Stealth
 + Level 5.3 Shields
 - Level 8.5 Unarmed Combat
 * Level 5.5 Invocations


You had 7 spell levels left.
You didn't know any spells.

Dungeon Overview and Level Annotations

Branches:
Dungeon (1/1)

Altars:
Ashenzari
Cheibriados
Dithmenos
Elyvilon
Fedhas
Gozag
Hepliaklqana
Kikubaaqudgha
Makhleb
Nemelex Xobeh
Okawaru
Qazlal
Ru
Sif Muna
Trog
Uskayaw
Vehumet
Xom
Yredelemnul
Zin
The Shining One
Beogh
Jiyva
Lugonu

Annotations:
D 1 transporter


Innate Abilities, Weirdness & Mutations

You have razor-sharp teeth.
Your natural rate of healing is unusually fast.
When hurt, damage is shared between your health and your magic reserves.
Your bite disrupts and absorbs the magic of your enemies.
Potions cannot restore your health.
You are immune to rotting.


Message History

Your soul eater hits the flying skull!
Your smoke demon closely misses the wraith.
Your smoke demon completely misses the wraith.
Your smoke demon hits the wraith but does no damage.
The red devil hits you but does no damage.
Unknown command.
A red film seems to cover your vision as you go berserk!
You feel yourself moving faster!
You feel mighty!
Visions of slaying the wraith flood into your mind.
You block the flying skull's attack.
GONNNNG!
The red devil hits you but does no damage.
Your sun demon hits the wraith.
The wraith is engulfed in flames!
You block the wraith's attack.
PANG!
You block the orange demon's attack.
GONNNNG!
Your soul eater misses the flying skull.
The mummy priest hits you.
You die...

▓........▓..†††...▓
▓.▓....▓.▓.▓....▓.▓
▓........▓........▓
▓▓▓▓▓▓▓▓▓▓▓▓▓▓▓▓▓▓▓
▓..8©8..▓ ▓..))[..▓
▓..4W43.▓ ▓...MW3.▓
▓..4z@§.▓ ▓...3§..▓
▓.......▓ ▓.▓...▓§▓
▓.......▓ ▓▓▓▓▓▓▓▓▓


You could see a mummy priest, an orange demon, a phantasmal warrior, a wraith, 2
red devils, a flying skull, a friendly soul eater, a friendly sun demon and a
friendly smoke demon.

Vanquished Creatures
  A two-headed ogre (D)
  A fire elemental (D)
  An eye of draining (D)
  A jelly (D)
  3 mummies (D)
  A ball python (D)
8 creatures vanquished.

Vanquished Creatures (collateral kills)
  A slime creature (D)
  An ushabti (D)
  A fire elemental (D)
  A water moccasin (D)
  An ice beast (D)
  2 ogres (D)
  A mummy (D)
  3 adders (D)
  A white imp (D)
  An ooze (D)
  A fire vortex (D)
14 creatures vanquished.

Vanquished Creatures (others)
  A fire vortex (D)
1 creature vanquished.

Grand Total: 23 creatures vanquished

Notes
Turn   | Place    | Note
-------+----------+-------------------------------------------
     0 | D        | sanboga the Vine Stalker Monk began the quest for the Orb.
     0 | D        | Reached XP level 1. HP: 11/11 MP: 2/2
     6 | D        | Found a deep blue altar of Sif Muna.
     6 | D        | Found a bloodstained altar of Trog.
     6 | D        | Found a sacrificial altar of Ru.
     6 | D        | Found a stormy altar of Qazlal.
     6 | D        | Found an iron altar of Okawaru.
     7 | D        | Found a sparkling altar of Nemelex Xobeh.
     7 | D        | Found a blossoming altar of Fedhas.
     9 | D        | Found a transporter.
     9 | D        | Found an ancient bone altar of Kikubaaqudgha.
     9 | D        | Found a viscous altar of Jiyva.
     9 | D        | Found a corrupted altar of Lugonu.
     9 | D        | Found a hazy altar of Hepliaklqana.
     9 | D        | Found a burning altar of Makhleb.
     9 | D        | Found an opulent altar of Gozag.
    70 | D        | Reached skill level 4 in Fighting
    70 | D        | Reached XP level 2. HP: 18/18 MP: 3/6
    79 | D        | Became a worshipper of Makhleb the Destroyer
    79 | D        | Reached * piety under Makhleb
    79 | D        | Reached ** piety under Makhleb
   100 | D        | Entered arena 2.
   100 | D        | Noticed an ice beast
   100 | D        | Found a transporter.
   104 | D        | Killed an ice beast
   104 | D        | Reached skill level 5 in Fighting
   104 | D        | Reached skill level 5 in Unarmed Combat
   104 | D        | Reached XP level 3. HP: 23/23 MP: 7/7
   104 | D        | Gained mutation: Your natural rate of healing is unusually fast. [Vine Stalker growth]
   104 | D        | Reached XP level 4. HP: 28/28 MP: 8/8
   115 | D        | Entered arena 3.
   115 | D        | Noticed a two-headed ogre
   115 | D        | Noticed an ogre
   115 | D        | Noticed an ogre
   115 | D        | Found a transporter.
   119 | D        | Killed an ogre
   119 | D        | Reached skill level 6 in Fighting
   119 | D        | Reached skill level 1 in Axes
   119 | D        | Reached XP level 5. HP: 32/32 MP: 9/9
   120 | D        | Killed an ogre
   120 | D        | Reached *** piety under Makhleb
   120 | D        | Reached skill level 5 in Dodging
   122 | D        | Killed a two-headed ogre
   122 | D        | Reached skill level 8 in Fighting
   122 | D        | Reached XP level 6. HP: 33/39 MP: 5/10
   122 | D        | Reached XP level 7. HP: 38/44 MP: 5/11
   135 | D        | Got the cursed +0 pair of gloves of Polytheism {Regen+}
   171 | D        | Entered arena 4.
   171 | D        | Noticed a fire elemental
   171 | D        | Noticed a fire elemental
   171 | D        | Found a transporter.
   173 | D        | Killed a fire elemental
   175 | D        | Killed a fire elemental
   175 | D        | Reached skill level 9 in Fighting
   175 | D        | Reached skill level 5 in Axes
   175 | D        | Gained mutation: You have razor-sharp teeth. [Vine Stalker growth]
   175 | D        | Reached XP level 8. HP: 45/49 MP: 6/12
   221 | D        | Entered arena 5.
   221 | D        | Noticed a slime creature
   221 | D        | Found a transporter.
   224 | D        | Reached **** piety under Makhleb
   227 | D        | Killed a slime creature
   241 | D        | Entered arena 6.
   241 | D        | Found a transporter.
   243 | D        | Reached ***** piety under Makhleb
   245 | D        | Reached skill level 5 in Shields
   259 | D        | Entered arena 7.
   259 | D        | Noticed a mummy priest
   259 | D        | Noticed an ushabti
   260 | D        | Found a transporter.
   263 | D        | Noticed a wraith
   263 | D        | Noticed a jiangshi
   263 | D        | Noticed a flying skull
   264 | D        | Noticed a flayed ghost
   264 | D        | Noticed a shadow
   266 | D        | Reached skill level 5 in Invocations
   267 | D        | Killed an ushabti
   267 | D        | Reached skill level 10 in Fighting
   271 | D        | Noticed a soul eater
   271 | D        | Noticed an orange demon
   272 | D        | Noticed a red devil
   272 | D        | Noticed a red devil
   273 | D        | Noticed a phantasmal warrior
   273 | D        | HP: 1/50 [red devil/trident[a mummy priest] (8)]
   274 | D        | Slain by a mummy priest

Skill      XL: |  1  2  3  4  5  6  7  8 |
---------------+-------------------------+-----
Fighting       | 4 5 6 8 9 10 | 10.1
Shields        | 3 4 5 |  5.3
Invocations    | 4 5 |  5.5
Dodging        | 3 4 6 7 |  7.4
Stealth        | 3 4 |  4.3
Unarmed Combat | 5 8 |  8.5
Axes           | 1 4 5 |  5.8
Armour         | |  0.8

Action                   |  1- 3 |  4- 6 |  7- 9 || total
-------------------------+-------+-------+-------++-------
Melee: Broad axe         |     3 |     4 |    19 ||    26
       Bite              |     3 |     1 |    11 ||    15
  Use: Potion            |     1 |       |     1 ||     2
 Stab: Distracted        |       |       |     1 ||     1
Armor: Plate armour      |     2 |     3 |    32 ||    37
Dodge: Dodged            |       |       |     2 ||     2
Block: Shield            |     6 |     6 |    43 ||    55
